TOP OF THE 1ST |
Gainesville Guidos batting - Pitching for Montgomery Biscuits : RHP Jorge Gonzáles
|
Pitching: RHP Jorge Gonzáles
|
|
Batting: LHB Robbie Turner
|
0-0: Ground out 4-3 (Groundball, 34D)
|
Batting: RHB Doug Coleman
|
0-0: Foul Ball, location: 2F 0-1: Ball 1-1: Ball 2-1: Swinging Strike 2-2: Foul Ball, location: 2F 2-2: Strikes out swinging
|
Batting: RHB Kyle O'Day
|
0-0: Swinging Strike 0-1: Ball 1-1: Foul Ball, location: 2F 1-2: Foul Ball, location: 2F 1-2: Ball 2-2: Foul Ball, location: 2F 2-2: Ball 3-2: SINGLE (Line Drive, 6D)
|
Batting: RHB Augusto Baca
|
0-0: Ball Kyle O'Day is caught stealing 2nd base
|
Top of the 1st over - 0 run(s), 1 hit(s), 0 error(s), 0 left on base; Gainesville 0 - Montgomery 0 |
BOTTOM OF THE 1ST |
Montgomery Biscuits batting - Pitching for Gainesville Guidos : RHP Rodney Hall
|
Pitching: RHP Rodney Hall
|
|
Batting: SHB Lawrence Farley
|
0-0: Ball 1-0: Foul Ball, location: 2F 1-1: Ball 2-1: Ball 3-1: Foul Ball, location: 2F 3-2: Strikes out looking
|
Batting: LHB António Fernández
|
0-0: Swinging Strike 0-1: Ball 1-1: Ball 2-1: Foul Ball, location: 2F 2-2: Ball 3-2: Base on Balls
|
Batting: SHB Marvin López
|
0-0: Called Strike 0-1: Ball 1-1: Ball 2-1: Grounds into double play, 4-6-3 (Groundball, 4)
|
Bottom of the 1st over - 0 run(s), 0 hit(s), 0 error(s), 0 left on base; Gainesville 0 - Montgomery 0 |
TOP OF THE 2ND |
Gainesville Guidos batting - Pitching for Montgomery Biscuits : RHP Jorge Gonzáles
|
Batting: RHB Augusto Baca
|
0-0: Called Strike 0-1: SOLO HOME RUN (Flyball, 7D), Distance : 370 ft
|
Batting: RHB Denver Baker
|
0-0: Ball 1-0: Foul Ball, location: 2F 1-1: Ground out 6-3 (Groundball, 6)
|
Batting: LHB Pedro Juárez
|
0-0: Called Strike 0-1: Ball 1-1: Foul Ball, location: 2F 1-2: SOLO HOME RUN (Flyball, 9LD), Distance : 347 ft
|
Batting: RHB Iván Moreno
|
0-0: Ball 1-0: Foul Ball, location: 2F 1-1: Called Strike 1-2: Ball 2-2: Ball 3-2: Strikes out swinging
|
Batting: LHB Eddy Jefferson
|
0-0: Ball 1-0: Ball 2-0: Foul Ball, location: 2F 2-1: Ball 3-1: Called Strike 3-2: Foul Ball, location: 2F 3-2: Strikes out swinging
|
Top of the 2nd over - 2 run(s), 2 hit(s), 0 error(s), 0 left on base; Gainesville 2 - Montgomery 0 |
BOTTOM OF THE 2ND |
Montgomery Biscuits batting - Pitching for Gainesville Guidos : RHP Rodney Hall
|
Batting: SHB Terry O'Farrell
|
0-0: Swinging Strike 0-1: Ball 1-1: Ball 2-1: Ball 3-1: Called Strike 3-2: Strikes out swinging
|
Batting: RHB Jerry Johnston
|
0-0: Ground out 5-3 (Groundball, 2L)
|
Batting: LHB Bob Jones
|
0-0: Ball 1-0: Ground out 4-3 (Groundball, 4)
|
Bottom of the 2nd over - 0 run(s), 0 hit(s), 0 error(s), 0 left on base; Gainesville 2 - Montgomery 0 |
TOP OF THE 3RD |
Gainesville Guidos batting - Pitching for Montgomery Biscuits : RHP Jorge Gonzáles
|
Batting: RHB Adrián López
|
0-0: SINGLE (Line Drive, 78S)
|
Batting: LHB Robbie Turner
|
0-0: DOUBLE (Flyball, 9) Adrián López to third
|
Batting: RHB Doug Coleman
|
0-0: Ball 1-0: Foul Ball, location: 2F 1-1: Ball 2-1: SINGLE (Groundball, 34D) Adrián López scores Robbie Turner to third
|
Batting: RHB Kyle O'Day
|
0-0: SINGLE (Groundball, 6MD) Robbie Turner scores Doug Coleman to second Throwing error, E8 Doug Coleman scores Kyle O'Day to second
|
Batting: RHB Augusto Baca
|
0-0: Ball 1-0: Ball 2-0: Called Strike 2-1: Ball 3-1: Called Strike 3-2: Strikes out swinging
|
Batting: RHB Denver Baker
|
0-0: Called Strike 0-1: Foul Ball, location: 2F 0-2: Fly out, F1 (Line Drive, 13S)
|
Batting: LHB Pedro Juárez
|
0-0: Called Strike 0-1: Ground out 5-3 (Groundball, 56)
|
Top of the 3rd over - 3 run(s), 4 hit(s), 1 error(s), 1 left on base; Gainesville 5 - Montgomery 0 |
BOTTOM OF THE 3RD |
Montgomery Biscuits batting - Pitching for Gainesville Guidos : RHP Rodney Hall
|
Batting: RHB Rusty Downy
|
0-0: Ball 1-0: Called Strike 1-1: Called Strike 1-2: Strikes out swinging, 2-3 out at first.
|
Batting: RHB Glen MacDonald
|
0-0: Called Strike 0-1: Ball 1-1: Called Strike 1-2: Foul Ball, location: 2F 1-2: Foul Ball, location: 2F 1-2: Ball 2-2: DOUBLE (Line Drive, 9D)
|
Batting: RHB Dave Roberts
|
0-0: Ground out 4-3 (Groundball, 4M) Glen MacDonald to third
|
Batting: SHB Lawrence Farley
|
0-0: Ball 1-0: Called Strike 1-1: Ball 2-1: Swinging Strike 2-2: Strikes out looking
|
Bottom of the 3rd over - 0 run(s), 1 hit(s), 0 error(s), 1 left on base; Gainesville 5 - Montgomery 0 |
TOP OF THE 4TH |
Gainesville Guidos batting - Pitching for Montgomery Biscuits : RHP Jorge Gonzáles
|
Pitching: RHP Michel Dallaire
|
|
Batting: RHB Iván Moreno
|
0-0: Swinging Strike 0-1: Ball 1-1: Foul Ball, location: 2F 1-2: Ground out 4-3 (Groundball, 4)
|
Batting: LHB Eddy Jefferson
|
0-0: Swinging Strike 0-1: SINGLE (Line Drive, 3D)
|
Batting: RHB Adrián López
|
0-0: Called Strike 0-1: Ball 1-1: Ball 2-1: Ball 3-1: SINGLE (Groundball, 6MD) Eddy Jefferson to second Runner from 2nd tries for 3rd, SAFE, throw made to third
|
Batting: LHB Robbie Turner
|
0-0: Foul Ball, location: 2F 0-1: SINGLE (Flyball, 9LS) Eddy Jefferson scores Adrián López to second Runner from 2nd tries for 3rd, SAFE, throw made to third Robbie Turner to second
|
Batting: RHB Doug Coleman
|
0-0: Ball 1-0: SINGLE (Line Drive, 6D) Adrián López scores Robbie Turner to third
|
Batting: RHB Kyle O'Day
|
0-0: Ball 1-0: Foul Ball, location: 2F 1-1: SINGLE (Flyball, 89S) Robbie Turner scores Doug Coleman to second Runner from 2nd tries for 3rd, SAFE, throw made to third
|
Pitching: RHP Ken Gary
|
|
Batting: RHB Augusto Baca
|
0-0: Called Strike 0-1: Swinging Strike 0-2: Ball 1-2: Strikes out swinging
|
Batting: RHB Denver Baker
|
0-0: Swinging Strike 0-1: Ball 1-1: Foul Ball, location: 2F 1-2: Foul Ball, location: 2F 1-2: 3-RUN HOME RUN (Line Drive, 78XD), Distance : 421 ft
|
Batting: LHB Pedro Juárez
|
0-0: Ball 1-0: Ball 2-0: Fly out, F9 (Line Drive, 9D)
|
Top of the 4th over - 6 run(s), 6 hit(s), 0 error(s), 0 left on base; Gainesville 11 - Montgomery 0 |
BOTTOM OF THE 4TH |
Montgomery Biscuits batting - Pitching for Gainesville Guidos : RHP Rodney Hall
|
Batting: LHB António Fernández
|
0-0: SINGLE (Groundball, 6D)
|
Batting: SHB Marvin López
|
0-0: Ball 1-0: Ball 2-0: Fly out, F7 (Flyball, 7S)
|
Batting: SHB Terry O'Farrell
|
0-0: Foul Ball, location: 2F 0-1: Ball 1-1: Grounds into double play, 4-6-3 (Groundball, 4)
|
Bottom of the 4th over - 0 run(s), 1 hit(s), 0 error(s), 0 left on base; Gainesville 11 - Montgomery 0 |
TOP OF THE 5TH |
Gainesville Guidos batting - Pitching for Montgomery Biscuits : RHP Ken Gary
|
Batting: RHB Iván Moreno
|
0-0: Ground out 4-3 (Groundball, 34)
|
Batting: LHB Eddy Jefferson
|
0-0: Foul Ball, location: 2F 0-1: Foul Ball, location: 2F 0-2: Ball 1-2: SINGLE (Groundball, 4MD)
|
Batting: RHB Adrián López
|
0-0: Called Strike 0-1: Ball 1-1: Foul Ball, location: 2F 1-2: Ball 2-2: Ball 3-2: Foul Ball, location: 2F 3-2: Base on Balls Eddy Jefferson to second
|
Batting: LHB Robbie Turner
|
0-0: Called Strike 0-1: Ball 1-1: Ball 2-1: Ball 3-1: Fielders Choice at 2nd, 4-6 (Groundball, 34D) Eddy Jefferson to third
|
Batting: RHB Doug Coleman
|
0-0: Called Strike 0-1: Called Strike 0-2: Foul Ball, location: 2F 0-2: Ball 1-2: Ball 2-2: Strikes out swinging
|
Top of the 5th over - 0 run(s), 1 hit(s), 0 error(s), 2 left on base; Gainesville 11 - Montgomery 0 |
BOTTOM OF THE 5TH |
Montgomery Biscuits batting - Pitching for Gainesville Guidos : RHP Rodney Hall
|
Batting: RHB Jerry Johnston
|
0-0: Swinging Strike 0-1: SINGLE (Groundball, 6MD)
|
Batting: LHB Bob Jones
|
0-0: Ball 1-0: Ball 2-0: Swinging Strike 2-1: Ball 3-1: Grounds into double play, 3-6-1 (Groundball, 3)
|
Batting: RHB Rusty Downy
|
0-0: Ball 1-0: Ground out U3 (Groundball, 34)
|
Bottom of the 5th over - 0 run(s), 1 hit(s), 0 error(s), 0 left on base; Gainesville 11 - Montgomery 0 |
TOP OF THE 6TH |
Gainesville Guidos batting - Pitching for Montgomery Biscuits : RHP Ken Gary
|
Batting: RHB Kyle O'Day
|
0-0: Called Strike 0-1: Ball 1-1: Called Strike 1-2: Strikes out swinging
|
Batting: RHB Augusto Baca
|
0-0: Foul Ball, location: 2F 0-1: Fly out, F9 (Flyball, 9S)
|
Batting: RHB Denver Baker
|
0-0: Ball 1-0: Ball 2-0: Called Strike 2-1: Ball 3-1: Base on Balls
|
Batting: LHB Pedro Juárez
|
0-0: Called Strike 0-1: Ball 1-1: Ball 2-1: Ball 3-1: Called Strike 3-2: Ground out 4-3 (Groundball, 4)
|
Top of the 6th over - 0 run(s), 0 hit(s), 0 error(s), 1 left on base; Gainesville 11 - Montgomery 0 |
BOTTOM OF THE 6TH |
Montgomery Biscuits batting - Pitching for Gainesville Guidos : RHP Rodney Hall
|
Batting: RHB Glen MacDonald
|
0-0: Ball 1-0: SINGLE (Line Drive, 4M)
|
Batting: RHB Dave Roberts
|
0-0: Ball 1-0: Called Strike 1-1: Ball 2-1: Foul Ball, location: 2F 2-2: Fly out, F6 (Line Drive, 6)
|
Batting: SHB Lawrence Farley
|
0-0: Called Strike 0-1: Foul Ball, location: 2F 0-2: Ball 1-2: Strikes out swinging
|
Batting: LHB António Fernández
|
0-0: Ball 1-0: Ball 2-0: Ground out 3-1 (Groundball, 34S)
|
Bottom of the 6th over - 0 run(s), 1 hit(s), 0 error(s), 1 left on base; Gainesville 11 - Montgomery 0 |
TOP OF THE 7TH |
Gainesville Guidos batting - Pitching for Montgomery Biscuits : RHP Ken Gary
|
Pinch Hitting: RHB Dave Hall
|
0-0: Swinging Strike 0-1: Ball 1-1: Ball 2-1: SINGLE (Line Drive, 4MD)
|
Batting: LHB Eddy Jefferson
|
0-0: Ball 1-0: Fielders Choice at 2nd, 3-6 (Groundball, 3)
|
Pitching: RHP Matt Kinnieson
|
|
Batting: RHB Adrián López
|
0-0: SINGLE (Groundball, 6MD) Eddy Jefferson to second
|
Batting: LHB Robbie Turner
|
0-0: Ball 1-0: Fielders Choice at 2nd, 3-6 (Groundball, 34) Eddy Jefferson to third
|
Batting: RHB Doug Coleman
|
0-0: Ball 1-0: Foul Ball, location: 2F 1-1: Fly out, F6 (Popup, 6D)
|
Top of the 7th over - 0 run(s), 2 hit(s), 0 error(s), 2 left on base; Gainesville 11 - Montgomery 0 |
BOTTOM OF THE 7TH |
Montgomery Biscuits batting - Pitching for Gainesville Guidos : RHP Rodney Hall
|
Now at 2B: Dave Hall
|
|
Batting: SHB Marvin López
|
0-0: Called Strike 0-1: Called Strike 0-2: Strikes out swinging
|
Batting: SHB Terry O'Farrell
|
0-0: Ball 1-0: SINGLE (Groundball, 34D)
|
Batting: RHB Jerry Johnston
|
0-0: Called Strike 0-1: Ball 1-1: Ball 2-1: Called Strike 2-2: Foul Ball, location: 2F 2-2: Foul Ball, location: 2F 2-2: Ball 3-2: Foul Ball, location: 2F 3-2: DOUBLE (Line Drive, 7LM) Terry O'Farrell to third Runner from 3rd tries for Home, SAFE, no throw
|
Batting: LHB Bob Jones
|
0-0: Fly out, F7 (Flyball, 7)
|
Batting: RHB Rusty Downy
|
0-0: Ground out 3-1 (Groundball, 34S)
|
Bottom of the 7th over - 1 run(s), 2 hit(s), 0 error(s), 1 left on base; Gainesville 11 - Montgomery 1 |
TOP OF THE 8TH |
Gainesville Guidos batting - Pitching for Montgomery Biscuits : RHP Matt Kinnieson
|
Batting: RHB Kyle O'Day
|
0-0: Called Strike 0-1: Foul Ball, location: 2F 0-2: SINGLE (Groundball, 5D)
|
Batting: RHB Augusto Baca
|
0-0: Called Strike 0-1: Ball 1-1: Swinging Strike 1-2: Ball 2-2: Foul Ball, location: 2F 2-2: SINGLE (Groundball, 56D) Kyle O'Day to second
|
Batting: RHB Denver Baker
|
0-0: Swinging Strike 0-1: Foul Ball, location: 2F 0-2: Foul Ball, location: 2F 0-2: Ball 1-2: Strikes out swinging
|
Batting: LHB Pedro Juárez
|
0-0: Called Strike 0-1: Foul Ball, location: 2F 0-2: 3-RUN HOME RUN (Flyball, 9D), Distance : 375 ft
|
Pitching: RHP Brian Barker
|
|
Batting: RHB Dave Hall
|
0-0: Ball 1-0: Ball 2-0: Ball 3-0: Called Strike 3-1: Base on Balls
|
Batting: LHB Eddy Jefferson
|
0-0: Swinging Strike Dave Hall is caught stealing 2nd base 0-1: Ball 1-1: Swinging Strike 1-2: Ball 2-2: Strikes out swinging
|
Top of the 8th over - 3 run(s), 3 hit(s), 0 error(s), 0 left on base; Gainesville 14 - Montgomery 1 |
BOTTOM OF THE 8TH |
Montgomery Biscuits batting - Pitching for Gainesville Guidos : RHP Rodney Hall
|
Batting: RHB Glen MacDonald
|
0-0: Fly out, F7 (Flyball, 7)
|
Batting: RHB Dave Roberts
|
0-0: Reached on error, E5 (Groundball, 5S)
|
Batting: SHB Lawrence Farley
|
0-0: Ball 1-0: Ball 2-0: Called Strike 2-1: Called Strike 2-2: Ball 3-2: Foul Ball, location: 2F 3-2: Base on Balls Dave Roberts to second
|
Pitching: RHP Víctor Viña
|
|
Batting: LHB António Fernández
|
0-0: Called Strike 0-1: Foul Ball, location: 2F 0-2: Fielders Choice at 2nd, 1-6 (Groundball, 13) Dave Roberts to third
|
Batting: SHB Marvin López
|
0-0: Called Strike 0-1: Swinging Strike 0-2: Ball 1-2: Ball 2-2: Foul Ball, location: 2F 2-2: Foul Ball, location: 2F 2-2: Strikes out swinging
|
Bottom of the 8th over - 0 run(s), 0 hit(s), 1 error(s), 2 left on base; Gainesville 14 - Montgomery 1 |
TOP OF THE 9TH |
Gainesville Guidos batting - Pitching for Montgomery Biscuits : RHP Brian Barker
|
Batting: RHB Adrián López
|
0-0: Foul Ball, location: 2F 0-1: Ball 1-1: Swinging Strike 1-2: Ball 2-2: Ball 3-2: Base on Balls
|
Batting: LHB Robbie Turner
|
0-0: Called Strike 0-1: Called Strike 0-2: Foul Ball, location: 2F 0-2: SINGLE (Groundball, 4MD) Adrián López to second
|
Batting: RHB Doug Coleman
|
0-0: Ground out 6-3 (Groundball, 6MS) Adrián López to third Robbie Turner to second
|
Batting: RHB Kyle O'Day
|
0-0: Ball 1-0: Foul Ball, location: 2F 1-1: Called Strike 1-2: Ball 2-2: Foul Ball, location: 2F 2-2: Strikes out looking
|
Batting: RHB Augusto Baca
|
0-0: Called Strike 0-1: Ball 1-1: Ball 2-1: Ball 3-1: Foul Ball, location: 2F 3-2: Fly out, F7 (Flyball, 78XD)
|
Top of the 9th over - 0 run(s), 1 hit(s), 0 error(s), 2 left on base; Gainesville 14 - Montgomery 1 |
BOTTOM OF THE 9TH |
Montgomery Biscuits batting - Pitching for Gainesville Guidos : RHP Víctor Viña
|
Now at C: Scott Young
|
|
Batting: SHB Terry O'Farrell
|
0-0: Called Strike 0-1: Ball 1-1: Swinging Strike 1-2: Foul Ball, location: 2F 1-2: Ball 2-2: Foul Ball, location: 2F 2-2: Ball 3-2: Reached on error, E6 (Groundball, 6)
|
Batting: RHB Jerry Johnston
|
0-0: Foul Ball, location: 2F 0-1: Called Strike 0-2: Ball 1-2: Strikes out swinging
|
Batting: LHB Bob Jones
|
0-0: Called Strike 0-1: Ball 1-1: Ball 2-1: Foul Ball, location: 2F 2-2: Foul Ball, location: 2F 2-2: Ball 3-2: Ground out 4-3 (Groundball, 4) Terry O'Farrell to third
|
Batting: RHB Rusty Downy
|
0-0: Foul Ball, location: 2F 0-1: Ball 1-1: Ball 2-1: Fly out, F1 (Line Drive, 13)
|
Bottom of the 9th over - 0 run(s), 0 hit(s), 1 error(s), 1 left on base; Gainesville 14 - Montgomery 1 |
|